 Dungeon Crawl Stone Soup version 0.14-a0-3350-g14ab857 (webtiles) character file.

109 MrRokkomies the Insei (level 3, -1/26 HPs)
             Began as a Demonspawn Transmuter on Mar 18, 2014.
             Slain by an adder (4 damage)
             ... on Level 2 of the Dungeon.
             The game lasted 00:03:44 (1738 turns).

MrRokkomies the Insei (Demonspawn Transmuter)       Turns: 1738, Time: 00:03:44

HP  -1/26        AC  4     Str 10      XL: 3   Next: 48%
MP   5/6         EV 12     Int 15      God:
Gold 62          SH  0     Dex 13      Spells:  1 memorised,  5 levels left

rFire  . . .     SeeInvis .       - Unarmed
rCold  . . .     Clarity  .     c - +0 robe
rNeg   . . .     Conserve .     (no shield)
rPois  .         rCorr    .     (no helmet)
rElec  .         rRot     .     (no cloak)
SustAb . .       Spirit   .     (no gloves)
rMut   .         Warding  .     (no boots)
Saprov . . .     Stasis   .     (no amulet)
MR     .....                    (no ring)
                                (no ring)

@: lethally poisoned, very slightly contaminated, hasted, very quick, not
resistant to hostile enchantments, unstealthy
A: slimy green scales 1
a: no special abilities


You were on level 2 of the Dungeon.
You were not hungry.

You visited 1 branch of the dungeon, and saw 2 of its levels.

You collected 62 gold pieces.

Inventory:

Missiles
 b - 36 arrows
 f - 13 poisoned needles
 i - 2 curare-tipped needles
 j - 18 exploding darts (quivered)
Armour
 c - a +0 robe (worn)
Comestibles
 a - 4 bread rations
Scrolls
 m - a scroll of remove curse {unknown}
 n - 2 scrolls of identify {unknown}
 o - a scroll of amnesia {unknown}
 q - a scroll of teleportation {unknown}
 r - a scroll of noise {unknown}
Jewellery
 k - an uncursed amulet of resist corrosion {unknown}
Potions
 e - a potion of might {unknown}
 g - a potion of restore abilities
 h - a potion of haste
 l - a potion of paralysis {unknown}
 p - a potion of heal wounds {unknown}
Books
 d - a book of Changes

   Spells                             Type                      Level
   *Beastly Appendage                 Transmutation                1
   Sticks to Snakes                   Transmutation                2
   Spider Form                        Transmutation/Poison         3
   Ice Form                           Ice/Transmutation            4
   Blade Hands                        Transmutation                5


   Skills:
 - Level 1.0 Fighting
 - Level 1.7 Dodging
 + Level 3.6 Unarmed Combat
 - Level 2.0 Spellcasting
 * Level 2.5 Transmutations


You had 5 spell levels left.
You knew the following spells:

 Your Spells              Type           Power        Failure   Level  Hunger
a - Beastly Appendage     Trmt           #.....       10%         1    #......


Dungeon Overview and Level Annotations

Branches:
Dungeon (2/15)

Altars:
Makhleb
Nemelex Xobeh
Sif Muna


Innate Abilities, Weirdness & Mutations

You are partially covered in slimy green scales (AC +2).


Message History

You miss the adder.
The adder is severely wounded.
* * * LOW HITPOINT WARNING * * *
You feel sick. The adder completely misses you.
Casting: Beastly Appendage
Confirm with . or Enter, or press ? or * to list all spells.
You miscast Beastly Appendage.
You are very lightly contaminated with residual magic.
Strange energies run through your body.
* * * LOW HITPOINT WARNING * * *
You feel sick. The adder bites you but does no damage.
Drink which item? (? for menu, Esc to quit)
You feel refreshed.
It was a potion of restore abilities.
* * * LOW HITPOINT WARNING * * *
You feel sick. The adder closely misses you.
Drink which item? (? for menu, Esc to quit)
You feel yourself speed up.
It was a potion of haste.
* * * LOW HITPOINT WARNING * * *
You feel sick. The adder bites you.
You die...

........#...####.......# #......
........%.### #####+### ######.
........### #..# ##. ##.######
#.## ##### ##.. #....###
####'####.#.###..# ####...#
#.....##_....##'## ######%###
#.....####..###... #........#
#.....+#......#... #........+
#@..>.####..###...
#........#....S.....##_.....#...
#........######.....####..###...
#......).# #.....##.....##...
####'##### ####'#####..#####'
#.## #.# #......##.. #..# #.#
##8..8##..# ######.## #.#
##...#<### #.......# ##.#
###......


You could see an adder.

Vanquished Creatures
  2 adders (D:2)
  3 giant cockroaches (D:2)
  7 goblins
  5 hobgoblins
  2 bats (D:2)
  3 giant newts (D:2)
  4 kobolds (D:1)
  6 rats
32 creatures vanquished.

Notes
Turn   | Place    | Note
--------------------------------------------------------------
     0 | D:1      | MrRokkomies, the Demonspawn Transmuter, began the quest for the Orb.
     0 | D:1      | Reached XP level 1. HP: 15/15 MP: 3/3
   661 | D:1      | Reached skill level 3 in Unarmed Combat
   703 | D:1      | Gained mutation: You are partially covered in slimy green scales (AC +2). [demonic ancestry]
   703 | D:1      | Reached XP level 2. HP: 21/21 MP: 4/4
   978 | D:2      | Found a deep blue altar of Sif Muna.
  1171 | D:2      | Reached XP level 3. HP: 19/26 MP: 6/6
  1388 | D:2      | Found a sparkling altar of Nemelex Xobeh.
  1392 | D:2      | Found a burning altar of Makhleb.
  1738 | D:2      | Slain by an adder

Action                   || total
-------------------------++-------
Melee: Unarmed           ||   135
 Cast: Beastly Appendage ||     2
  Use: Potion            ||     2
